 Dungeon Crawl Stone Soup version 0.31-a0-845-g9abc20d24f (console) character file.

Game seed: 9184565774682553403

1956 spinyworm the Magician (level 9, -2/69 HPs)
             Began as a Gnoll Warper on Oct 2, 2023.
             Was a Priest of Kikubaaqudgha.
             Slain by a gnoll sergeant
             ... wielding a +5 spear of venom
              (15 damage)
             ... on level 6 of the Dungeon.
             The game lasted 00:19:36 (7287 turns).

spinyworm the Magician (Gnoll Warper)               Turns: 7287, Time: 00:19:37

Health: -2/69      AC:  4    Str: 13    XL:     9   Next: 19%
Magic:  18/18      EV: 15    Int: 18    God:    Kikubaaqudgha [***...]
Gold:   325        SH:  0    Dex: 17    Spells: 16/21 levels left

rFire   . . .        a - +10 falchion {drain, Str+3}
rCold   . . .        (no shield)
rNeg    . . .        C - +0 leather armour
rPois   .            (no helmet)
rElec   .            y - +0 cloak
rCorr   .            (no gloves)
SInv    .            (no boots)
Will    +....        (no amulet)
Stlth   +++          F - +6 ring of intelligence
HPRegen 0.31/turn    B - ring of willpower
MPRegen 0.16/turn

%: no passive effects
@: lethally poisoned (-2 -> -20)
A: fangs 1, strong nose, distributed training
a: Renounce Religion, Unearth Wretches


You were on level 6 of the Dungeon.
You worshipped Kikubaaqudgha.
Kikubaaqudgha was most pleased with you.
You visited 1 branch of the dungeon, and saw 6 of its levels.
You also visited: Sewer.

You collected 325 gold pieces.

Inventory:

Hand Weapons
 a - the +10 falchion "Orb Guardian's Foe" (weapon) {drain, Str+3}
   (You acquired it on level 6 of the Dungeon)

   Str+3:     It affects your strength (+3).
 b - a +1 arbalest of flaming
 g - a +1 falchion
 D - a +2 whip of freezing
Missiles
 d - 7 darts of dispersal
 m - 3 atropa-tipped darts
 s - 35 poisoned darts (quivered)
 t - 3 curare-tipped darts
 A - a throwing net
Armour
 y - a +0 cloak (worn)
 C - a +0 leather armour (worn)
Jewellery
 p - a ring of see invisible
 B - a ring of willpower (right hand)
 F - a +6 ring of intelligence (left hand)
Wands
 v - a wand of charming (11)
 E - a wand of flame (17)
 G - a wand of digging (3)
Scrolls
 c - a scroll of blinking
 f - a scroll of teleportation
 h - a scroll of enchant armour {unknown}
 j - a scroll of enchant weapon
 l - a scroll of summoning {unknown}
 o - a scroll of poison
 q - a scroll of amnesia
Potions
 e - a potion of enlightenment
 i - a potion of haste
 k - a potion of magic {unknown}
 n - 2 potions of attraction
 r - a potion of degeneration {unknown}
 u - a potion of might {unknown}
 w - 2 potions of heal wounds {unknown}
 x - a potion of lignification {unknown}
 z - 2 potions of curing


   Skills:
 + Level 6.2 Fighting
 + Level 4.0 Short Blades
 + Level 6.2 Long Blades
 + Level 4.0 Axes
 + Level 4.0 Maces & Flails
 + Level 4.0 Polearms
 + Level 4.0 Staves
 + Level 4.0 Ranged Weapons
 + Level 4.9 Throwing
 + Level 4.9 Armour
 + Level 6.2 Dodging
 + Level 4.0 Stealth
 + Level 4.0 Shields
 + Level 4.0 Unarmed Combat
 + Level 6.5 Spellcasting
 + Level 3.3 Conjurations
 + Level 3.3 Hexes
 + Level 3.3 Summonings
 + Level 3.3 Necromancy
 + Level 6.4 Translocations
 + Level 3.3 Transmutations
 + Level 3.3 Fire Magic
 + Level 3.3 Ice Magic
 + Level 3.3 Air Magic
 + Level 3.3 Earth Magic
 + Level 3.3 Poison Magic
 + Level 4.5 Invocations
 + Level 4.0 Evocations
 + Level 3.7 Shapeshifting


You had 16 spell levels left.
You knew the following spells:

 Your Spells              Type           Power      Damage    Failure   Level
a - Blink                 Tloc           58%        N/A       1%          2
b - Vampiric Draining     Necr           17%        2d7       11%         3

Your spell library contained the following spells:

 Spells                   Type           Power      Damage    Failure   Level
 Apportation              Tloc           58%        N/A       1%          1
 Lesser Beckoning         Tloc           58%        N/A       1%          2
 Kiss of Death            Conj/Necr      68%        2d10      3%          1
 Necrotise                Necr           68%        1d7       3%          1
 Summon Small Mammal      Summ           68%        N/A       3%          1
 Teleport Other           Tloc           29%        N/A       3%          3
 Cigotuvi's Dreadful Rot  Necr/Pois/Air  34%        N/A       5%          2
 Manifold Assault         Tloc           29%        N/A       10%         4
 Dazzling Flash           Conj/Hex       34%        N/A       11%         3
 Vhi's Electric Charge    Tloc/Air       46%        N/A       19%         4
 Dispel Undead            Necr           17%        3d10      34%         4
 Agony                    Necr           17%        N/A       69%         5
 Silence                  Hex/Air        8%         N/A       69%         5
 Death Channel            Necr           8%         N/A       99%         6
 Simulacrum               Ice/Necr       8%         N/A       99%         6


Dungeon Overview and Level Annotations

Branches:
Dungeon (6/15)             Temple (0/1) D:4           Sewer (visited)

Altars:
Cheibriados
Kikubaaqudgha
Trog
Wu Jian
The Shining One

Annotations:
D:4 2 transporters, justen's ghost, novice DrSh
D:5 2 runed translucent doors, Crazy Yiuf; bahustanut's ghost, novice OpHW
D:6 2 transporters, Bravepunisher's ghost, weakling SpMo


Innate Abilities, Weirdness & Mutations

You have very sharp teeth.
Your uncanny sense of smell can sniff out nearby items.
Your experience applies equally to all skills.


Message History

You throw a curare-tipped dart.
The curare-tipped dart barely misses the gnoll sergeant.
The gnoll sergeant shouts!
You hear a shout! x3
Throw: 4 darts (curare)
Press: ? - help, Shift-Dir - straight line, f/p - gnoll sergeant
Aim: a gnoll sergeant, wielding a +5 spear of venom and wearing a +0 scale mail (70% to hit)
You throw a curare-tipped dart.
The curare-tipped dart hits the gnoll sergeant.
The gnoll sergeant is poisoned.
The gnoll sergeant convulses.
The gnoll sergeant seems to slow down.
The gnoll sergeant is moderately wounded.
The gnoll sergeant hits you with a +5 spear of venom!
You are poisoned.
You slash the gnoll sergeant! Your bite misses the gnoll sergeant.
The gnoll sergeant is severely wounded.
You feel very sick. The gnoll sergeant misses you.
You closely miss the gnoll sergeant.
You bite the gnoll sergeant, but do no damage.
The gnoll sergeant is severely wounded.
You feel very sick.
You hit the gnoll sergeant but do no damage.
You punch the gnoll sergeant, but do no damage.
You bite the gnoll sergeant, but do no damage.
The gnoll sergeant is almost dead.
You feel sick.
A gnoll comes into view. It is wielding a +0 halberd.
The gnoll sergeant hits you with a +5 spear of venom!
* * * LOW HITPOINT WARNING * * *
You are lethally poisoned!
You barely miss the gnoll sergeant.
You bite the gnoll sergeant, but do no damage.
The gnoll sergeant is almost dead.
* * * LOW HITPOINT WARNING * * *
You feel very sick. The gnoll barely misses you.
The gnoll sergeant hits you with a +5 spear of venom!
You die...
Kikubaaqudgha rasps: "You have failed me!
Welcome... death!"

......#####.#.##............#***,
..............##..###...##### *,
....©.©...........# #...#######*,
################.## #....g....#*,
O..O.)$....#.....# #...#####.#*.
..##...##..###########.....##.##.
.#..#.#..#.* #.g..)...##.##....
.#..#.#..#.* #g#####.........##
..##...#*,,* #@#####.###.###.##
©.,,.©,,,,,* #....##.# #.......
************ #.##.##.#*#..##.#.
***#..,.........##...
*,,..##.........####,
*,*###*###.###### *, *,* #,# *,
*,* *,* *****, *,* ***,*** *,,,,,


You could see a gnoll sergeant (very poisoned, slow) and a gnoll.

Vanquished Creatures
  Pikel (D:6)
  A black bear (D:5)
  An ogre (D:5)
  3 lemures (D:6)
  6 kobold brigands
  A scorpion (D:5)
  A howler monkey (D:5)
  4 hounds
  A jelly (D:6)
  2 orc priests (D:4)
  A gnoll bouda (D:6)
  2 sleepcaps
  6 orc wizards
  16 gnolls
  9 adders
  3 river rats (Sewer)
  6 worms
  A dart slug (D:3)
  20 orcs
  11 ball pythons
  13 endoplasms
  4 giant cockroaches
  2 goblins (D:4)
  6 hobgoblins
  13 jackals
  A quokka (D:3)
  8 bats
  3 frilled lizards
  14 kobolds
  9 rats
169 creatures vanquished.

Notes
Turn   | Place    | Note
-------+----------+-------------------------------------------
     0 | D:1      | spinyworm the Gnoll Warper began the quest for the Orb.
     0 | D:1      | Reached XP level 1. HP: 20/20 MP: 6/6
   223 | D:1      | Reached XP level 2. HP: 26/26 MP: 7/7
   226 | D:1      | Learned a level 2 spell: Blink
   953 | D:2      | Reached XP level 3. HP: 28/31 MP: 9/9
  1000 | D:2      | Reached skill level 5 in Spellcasting
  1210 | D:2      | Reached skill level 1 in Invocations
  1499 | D:2      | Reached skill level 1 in Short Blades
  1499 | D:2      | Reached skill level 1 in Axes
  1499 | D:2      | Reached skill level 1 in Maces & Flails
  1499 | D:2      | Reached skill level 1 in Polearms
  1499 | D:2      | Reached skill level 1 in Staves
  1499 | D:2      | Reached skill level 1 in Ranged Weapons
  1499 | D:2      | Reached skill level 1 in Stealth
  1499 | D:2      | Reached skill level 1 in Shields
  1499 | D:2      | Reached skill level 1 in Unarmed Combat
  1499 | D:2      | Reached skill level 1 in Evocations
  1662 | D:3      | Found a faded altar of an unknown god.
  1671 | D:3      | Prayed at the altar of an unknown god.
  1671 | D:3      | Became a worshipper of Kikubaaqudgha
  1671 | D:3      | Reached * piety under Kikubaaqudgha
  1671 | D:3      | Received a gift from Kikubaaqudgha
  1687 | D:3      | Reached XP level 4. HP: 37/38 MP: 11/11
  1722 | D:3      | Reached skill level 1 in Shapeshifting
  2489 | D:4      | Found a transporter.
  2492 | D:4      | Noticed justen's ghost (novice DrSh)
  2497 | D:5      | Entered Level 5 of the Dungeon
  2497 | D:5      | Noticed a black bear
  2508 | D:5      | Reached skill level 1 in Conjurations
  2508 | D:5      | Reached skill level 1 in Hexes
  2508 | D:5      | Reached skill level 1 in Summonings
  2508 | D:5      | Reached skill level 1 in Necromancy
  2508 | D:5      | Reached skill level 1 in Transmutations
  2508 | D:5      | Reached skill level 1 in Fire Magic
  2508 | D:5      | Reached skill level 1 in Ice Magic
  2508 | D:5      | Reached skill level 1 in Air Magic
  2508 | D:5      | Reached skill level 1 in Earth Magic
  2508 | D:5      | Reached skill level 1 in Poison Magic
  2510 | D:5      | HP: 1/38 [orc/+0 short sword (3)]
  2694 | D:5      | Reached XP level 5. HP: 33/43 MP: 12/12
  2933 | D:5      | Killed a black bear
  2934 | D:5      | Reached skill level 5 in Fighting
  2934 | D:5      | Reached skill level 5 in Long Blades
  2934 | D:5      | Reached skill level 5 in Dodging
  2934 | D:5      | Reached XP level 6. HP: 24/51 MP: 14/14
  3184 | D:5      | Reached XP level 7. HP: 54/56 MP: 15/15
  3232 | D:5      | Found a runed translucent door.
  3233 | D:5      | Noticed Crazy Yiuf
  3303 | D:5      | Found a runed translucent door.
  3308 | D:5      | Noticed bahustanut's ghost (novice OpHW)
  4100 | D:4      | Reached ** piety under Kikubaaqudgha
  4570 | D:4      | Found a transporter.
  4616 | D:4      | Found a staircase to the Ecumenical Temple.
  5072 | D:4      | Reached XP level 8. HP: 36/63 MP: 16/16
  5287 | D:3      | Found an ornate altar of the Wu Jian Council.
  5405 | D:3      | Found a snail-covered altar of Cheibriados.
  5790 | D:6      | Identified a scroll of acquirement
  5790 | D:6      | Acquired the +10 falchion "Orb Guardian's Foe" {drain,
                  | Str+3}
  5866 | D:6      | Reached *** piety under Kikubaaqudgha
  5866 | D:6      | Received a gift from Kikubaaqudgha
  5909 | D:6      | Found a glowing drain.
  5941 | Sewer    | Entered a sewer
  6819 | D:6      | Learned a level 3 spell: Vampiric Draining
  6896 | D:6      | Found a bloodstained altar of Trog.
  6897 | D:6      | Found a glowing golden altar of the Shining One.
  7096 | D:6      | Found a transporter.
  7097 | D:6      | Noticed Bravepunisher's ghost (weakling SpMo)
  7125 | D:6      | Found a transporter.
  7192 | D:6      | Noticed a yak
  7193 | D:6      | Noticed a yak
  7207 | D:6      | Noticed Pikel
  7240 | D:6      | Killed Pikel
  7241 | D:6      | Reached XP level 9. HP: 34/69 MP: 18/18
  7287 | D:6      | Slain by a gnoll sergeant

Illustrated notes

Levels and vault maps discovered:
D:1:      spicycebolla_arrival_xxxplode, layout_rooms
D:2:      layout_basic, nicolae_elevator_lobby_plus
D:3:      layout_loops_ring, nzn_wu_jian_council_hall, kennysheep_slug_shrine,
          hellmonk_ecumenical_altar_run_dry, minmay_misc_feat_roman,
          minmay_curled_crystal, minmay_gold_behind_fungi,
          kennysheep_generic_room_2
D:4:      layout_loops_cross, minmay_temple_entry_trees,
          gammafunk_ghost_stat_death, kennysheep_generic_room_13
D:5:      layout_rooms, ebering_ghost_sewer_d, nicolae_half_adder,
          uniq_crazy_yiuf_cottage
D:6:      layout_loops_cross, minitemple, gammafunk_ghost_smash,
          cheibrodos_sewer_entry_bend, uniq_pikel

Skill      XL: |  1  2  3  4  5  6  7  8 |
---------------+-------------------------+-----
Spellcasting   | 5 6 |  6.5
Invocations    | 1 2 3 4 |  4.5
Short Blades   | 1 2 4 |  4.0
Axes           | 1 2 4 |  4.0
Maces & Flails | 1 2 4 |  4.0
Polearms       | 1 2 4 |  4.0
Staves         | 1 2 4 |  4.0
Ranged Weapons | 1 2 4 |  4.0
Stealth        | 1 2 4 |  4.0
Shields        | 1 2 4 |  4.0
Unarmed Combat | 1 2 4 |  4.0
Evocations     | 1 2 4 |  4.0
Shapeshifting  | 1 2 3 |  3.7
Conjurations   | 1 2 3 |  3.3
Hexes          | 1 2 3 |  3.3
Summonings     | 1 2 3 |  3.3
Necromancy     | 1 2 3 |  3.3
Transmutations | 1 2 3 |  3.3
Fire Magic     | 1 2 3 |  3.3
Ice Magic      | 1 2 3 |  3.3
Air Magic      | 1 2 3 |  3.3
Earth Magic    | 1 2 3 |  3.3
Poison Magic   | 1 2 3 |  3.3
Throwing       | 3 4 |  4.9
Armour         | 3 4 |  4.9
Fighting       | 5 6 |  6.2
Long Blades    | 5 6 |  6.2
Dodging        | 5 6 |  6.2
Translocations | 6 |  6.4

Action                     |  1- 3 |  4- 6 |  7- 9 || total
---------------------------+-------+-------+-------++-------
  Melee: Falchion          |   152 |   122 |   392 ||   666
         Bite              |     9 |    17 |    37 ||    63
         Punch             |     2 |     3 |    10 ||    15
   Fire: Arbalest          |       |       |    25 ||    25
  Throw: Dart              |       |    17 |     7 ||    24
   Cast: Blink             |       |     6 |       ||     6
    Use: Scroll            |     2 |     1 |    10 ||    13
         Potion            |       |     2 |       ||     2
   Stab: Invisible         |       |     2 |       ||     2
         Sleeping          |       |     1 |     5 ||     6
         Distracted        |       |       |     2 ||     2
 Armour: Leather armour    |    84 |    83 |   197 ||   364
  Dodge: Dodged            |   104 |   104 |   236 ||   444

Table legend: (Time is in decaauts)
 A = Elapsed time spent in this place.
 B = Non-inter-level travel time spent in this place.
 C = Inter-level travel time spent in this place.
 D = Time resting spent in this place.
 E = Time spent auto-exploring this place.
 F = Levels seen in this place.
 G = Mean time per level.
                   A        B        C        D        E       F      G
               +--------+--------+--------+--------+--------+-----+--------+
         Total |   7506 |   7267 |    239 |   1546 |   3440 |   7 | 1072.3 |
       Dungeon |   6456 |   6217 |    239 |   1370 |   2833 |   6 | 1076.0 |
         Sewer |   1050 |   1050 |      0 |    176 |    607 |   1 | 1050.0 |
               +--------+--------+--------+--------+--------+-----+--------+

Top non-repeatable levels by time:
     D:5: 1617 daAuts
     D:4: 1496 daAuts
     D:2: 1079 daAuts
   Sewer: 1050 daAuts
     D:3: 1040 daAuts
     D:6: 611 daAuts
     D:1: 611 daAuts
